 Dungeon Crawl Stone Soup version 0.28.0 (webtiles) character file.

Game seed: 17550512003117412345

179919 a3don the Unseen (level 17, -6/88 HPs)
             Began as a Spriggan Enchanter on Feb 16, 2022.
             Was the Champion of Wu Jian.
             Mangled by an orc knight (11 damage)
             ... on level 1 of the Orcish Mines.
             The game lasted 03:23:48 (46350 turns).

a3don the Unseen (Spriggan Enchanter)              Turns: 46350, Time: 03:23:48

Health: -6/88      AC: 15    Str:  4    XL:     17   Next: 30%
Magic:  0/34       EV: 28    Int: 25    God:    Wu Jian [******]
Gold:   1367       SH: 10    Dex: 21    Spells: 3/40 levels left

rFire   . . .      SeeInvis +   a - +8 quick blade (venom)
rCold   . . .      Faith    .   v - +2 buckler {AC+3}
rNeg    . . .      Spirit   +   N - +4 steam dragon scales
rPois   .          Reflect  .   (helmet restricted)
rElec   .          Harm     .   H - +2 cloak
rCorr   .          Rampage  .   (gloves unavailable)
Will    ++...                   (boots unavailable)
Stlth   ++++++....              w - amulet of guardian spirit
HPRegen 0.24/turn               s - +4 ring of slaying
MPRegen 0.24/turn               y - +6 ring of dexterity

@: very quick
A: very small, no large weapons, unfitting armour, see invisible, speed 3
}: 1/15 runes: decaying
a: Renounce Religion, Wall Jump, Serpent's Lash, Heavenly Storm


You were on level 1 of the Orcish Mines.
You worshipped Wu Jian.
Wu Jian was exalted by your worship.
You visited 7 branches of the dungeon, and saw 31 of its levels.
You also visited: Ice Cave and Volcano.

You collected 2087 gold pieces.
You spent 720 gold pieces at shops.

Inventory:

Hand Weapons
 a - a +8 quick blade of venom (weapon)
 b - a +4 hunting sling of freezing
 u - the +6 short sword "Fawocan" {vorpal, rF+}
   (You found it on level 4 of the Dungeon)

   It inflicts extra damage upon your enemies.
   rF:        It protects you from fire.
 L - the +5 short sword "Sietatix" {flame, rC+}
   (You found it on level 7 of the Dungeon)

   It burns those it strikes, dealing additional fire damage.
   rC:        It protects you from cold.
 R - a +1 dagger of holy wrath
Missiles
 j - 638 stones (quivered)
 E - 14 boomerangs of dispersal
 T - 6 throwing nets
Armour
 t - a scarf of invisibility
 v - a +2 buckler of protection (worn)
 H - a +2 cloak (worn)
 N - +4 steam dragon scales (worn)
 Y - a +2 robe of resistance
Jewellery
 p - a ring of wizardry
 s - a +4 ring of slaying (left hand)
 w - an amulet of guardian spirit (around neck)
 y - a +6 ring of dexterity (right hand)
 z - a ring of positive energy
 F - a ring of protection from fire
 J - the ring of Juh Ydon {rPois rF+ rC+ Str+5 Int-4}
   (You acquired it on level 5 of the Lair of Beasts)

   [ring of poison resistance]

   Str:       It affects your strength (+5).
   Int:       It affects your intelligence (-4).
   rF:        It protects you from fire.
   rC:        It protects you from cold.
   rPois:     It protects you from poison.
 X - a ring of ice
Wands
 m - a wand of mindburst (7)
 x - a wand of iceblast (18)
 I - a wand of polymorph (10)
 O - a wand of digging (24)
 P - a wand of paralysis (14)
Scrolls
 d - 2 scrolls of immolation
 g - 15 scrolls of teleportation
 k - 9 scrolls of blinking
 q - a scroll of summoning {unknown}
 r - 2 scrolls of vulnerability
 C - a scroll of fog {unknown}
 D - 2 scrolls of torment
 G - a scroll of magic mapping
 K - 2 scrolls of fear
 Q - a scroll of holy word
 U - 2 scrolls of silence
 V - a scroll of enchant armour
Potions
 c - a potion of invisibility
 e - 2 potions of heal wounds
 f - a potion of haste
 h - a potion of might
 i - 6 potions of curing
 l - 4 potions of resistance
 n - 3 potions of lignification
 o - a potion of brilliance
 A - 3 potions of attraction
 M - 2 potions of flight
 W - 8 potions of ambrosia
 Z - a potion of magic {unknown}
Miscellaneous
 B - a phantom mirror
 S - a phial of floods


   Skills:
 * Level 9.3 Fighting
 + Level 10.6 Short Blades
 + Level 7.5 Slings
 + Level 13.1 Dodging
 + Level 15.5 Stealth
 * Level 4.8 Shields
 + Level 12.1 Spellcasting
 + Level 6.6 Conjurations
 + Level 13.2 Hexes
 + Level 9.6 Translocations
 + Level 7.7 Fire Magic
 + Level 8.4 Ice Magic
 - Level 4.0 Air Magic
 - Level 4.0 Poison Magic
 - Level 7.4 Evocations


You had 3 spell levels left.
You knew the following spells:

 Your Spells              Type           Power      Damage    Failure   Level
a - Ensorcelled Hibernat  Hex/Ice        100%       N/A       1%          2
b - Confusing Touch       Hex            69%        N/A       1%          3
c - Poisonous Vapours     Pois/Air       70%        N/A       2%          2
d - Fulminant Prism       Conj/Hex       30%        3d16      1%          4
e - Conjure Flame         Conj/Fire      50%        6-21      1%          3
f - Tukima's Dance        Hex            69%        N/A       1%          3
g - Dazzling Flash        Conj/Hex       100%       N/A       1%          3
h - Foxfire               Conj/Fire      100%       2x1d9     1%          1
i - Inner Flame           Hex/Fire       61%        N/A       1%          3
j - Passwall              Tmut/Erth      12%        N/A       12%         2
k - Teleport Other        Tloc           58%        N/A       1%          3
l - Iskenderun's Mystic   Conj/Tloc      54%        2d12      2%          4
m - Passage of Golubria   Tloc           58%        N/A       1%          4

Your spell library contained the following spells:

 Spells                   Type           Power      Damage    Failure   Level
 Slow                     Hex            100%       N/A       1%          1
 Gell's Gravitas          Tloc           58%        N/A       1%          3
 Corpse Rot               Necr/Air       50%        N/A       4%          2
 Swiftness                Air            35%        N/A       4%          3
 Vampiric Draining        Necr           15%        2d7       22%         3
 Flame Wave               Conj/Fire      50%        2d10      4%          4
 Silence                  Hex/Air        27%        N/A       6%          5
 Iskenderun's Battlesphe  Conj           48%        2d10      14%         5
 Freezing Cloud           Conj/Ice/Air   23%        6-21      16%         5
 Dispersal                Tloc           29%        N/A       22%         6
 Animate Armour           Summ/Erth      30%        N/A       58%         4
 Blade Hands              Tmut           7%         N/A       91%         5
 Lee's Rapid Deconstruct  Erth           7%         3d8*      91%         5
 Simulacrum               Ice/Necr       18%        N/A       91%         6
 Iron Shot                Conj/Erth      15%        9d4       96%         6
 Spellforged Servitor     Conj/Summ      15%        N/A       100%        7
 Lehudib's Crystal Spear  Conj/Erth      15%        10d5      100%        8
 Polar Vortex             Ice            27%        N/A       100%        9


Dungeon Overview and Level Annotations

Branches:
Dungeon (14/15)            Temple (1/1) D:6            Lair (5/6) D:11
  Swamp (4/4) Lair:4       Spider (4/4) Lair:2          Orc (2/2) D:12
    Elf (0/3) Orc:2        Vaults (1/5) D:13          IceCv (visited)
Volcano (visited)
  Slime: Lair:5-6

Altars:
Ashenzari
Cheibriados
Dithmenos
Elyvilon
Fedhas
Gozag
Hepliaklqana
Kikubaaqudgha
Makhleb
Nemelex Xobeh
Okawaru
Qazlal
Ru
Sif Muna
Trog
Uskayaw
Vehumet
Wu Jian
Xom
Yredelemnul
Zin
The Shining One
Beogh
Lugonu

Shops:
D:9 *   Orc:2 =*[(

Portals:
Abyss: Orc:2 Swamp:2
Trove: D:12 (give +3 storm dragon scales)

Annotations:
D:4 1 runed translucent door, exclusion: statue
D:6 3 runed translucent doors, fragbeetle's ghost, novice DsGl
D:7 3 runed translucent doors, aubilenon's ghost, novice GrFi
Lair:1 exclusion: oklob plant
Lair:5 2 runed translucent doors, exclusion: oklob plant, Luam's ghost, journeyman OpFi
Swamp:2 2 transporters, swinepaste's ghost, journeyman DsMo
Swamp:4 2 transporters, Lernaean hydra; pleonasm's ghost, adept OgBe
Spider:4 1 runed translucent door, Detar's ghost, adept HOFi; Mlioglotl
Orc:2 1 runed translucent door, sirJeffrey23's ghost, journeyman HOMo
Vaults:1 1 runed translucent door, theMacoje's ghost, adept OgAM


Innate Abilities, Weirdness & Mutations

You are very small and have problems with some larger weapons.
You are too small for most types of armour.
You have supernaturally acute eyesight. (SInv)
You cover ground extremely quickly. (Speed+++)


Message History

The orc knight shoots a bolt.
The bolt misses you. The troll misses you. The troll completely misses you. x2
Casting: Dazzling Flash (safe; 1% risk of failure)
Confirm with . or Enter, or press ? or * to list all spells.
Aiming: Tukima's Dance (safe; 1% risk of failure)
Press: ? - help, Shift-Dir - straight line, f - orc knight
Aim: an orc knight, wielding a +0 arbalest, wearing a +0 chain mail and quivering bolts (chance to affect: 63%)
The +0 arbalest dances into the air!
The troll is no longer blind.
You block the orc priest's attack. The troll completely misses you.
The troll closely misses you. The troll completely misses you.
You block the orc warrior's attack.
You puncture the orc priest!
The orc priest is severely wounded.
Casting: Tukima's Dance (safe; 1% risk of failure)
Confirm with . or Enter, or press ? or * to list all spells.
You don't know that spell.
Casting: Tukima's Dance (safe; 1% risk of failure)
Confirm with . or Enter, or press ? or * to list all spells.
Casting: Dazzling Flash (safe; 1% risk of failure)
Press: ? - help, Dir - look around, f - activate The orc knight is dazzled.
The orc wizard is dazzled.
The orc warrior is dazzled. x3; The orc priest is dazzled.
The orc wizard is dazzled.
The orc warrior closely misses you. The troll closely misses you.
The troll misses you. x2
The orc warrior hits you with a +0 mace!!
The orc knight wields a +0 long sword.
The orc knight hits you with a +0 long sword!!
* * * LOW HITPOINT WARNING * * *
The orc wizard points at you and mumbles some strange words.
The orc appears confused.
You can't go up here!
You kill the orc wizard!
The Council accepts your kill. The troll misses you.
The troll claws you but does no damage. The troll completely misses you.
The orc warrior misses you.
The orc warrior hits you with a +0 short sword!
* * * LOW HITPOINT WARNING * * *
Your +0 arbalest shoots a bolt.
The bolt hits the troll.
The orc knight hits you with a +0 long sword!
You die...

...$........
.$$.......#
..........#
.#......
#......
###.o(.# .
#.)ooTo#$...
#..)@oo.....
#...o####....
#.... . ###..
#.. ###


You could see an orc knight (blind, ally target), a troll, 3 orc warriors, an
orc priest (blind), an orc wizard (strong, invisible, blind), an orc (strong,
confused) and a friendly +0 arbalest.

Vanquished Creatures
  Rupert (D:13)
  An orc warlord (Orc:2)
  2 emperor scorpions
  3 ghost moths
  3 vault wardens
  3 ironbound preservers (Vaults:1)
  9 very ugly things
  A reaper (IceCv)
  An ironbound thunderhulk (Vaults:1)
  Nessos (D:13)
  2 eleionomae
  2 spark wasps (Spider:2)
  An entropy weaver (Spider:1)
  A bunyip (Swamp:2)
  4 yaktaur captains (Vaults:1)
  10 hydras
  Fannar (D:11)
  2 ghost crabs
  Harold (D:8)
  2 jorogumos
  6 boulder beetles
  Erica (D:9)
  2 ogre magi
  An ironbound frostheart (Vaults:1)
  9 two-headed ogres
  10 centaur warriors
  9 alligators
  An orc high priest (Orc:1)
  Urug (D:11)
  A sun demon (Volcano)
  Nergalle (Lair:1)
  6 goliath frogs
  4 pharaoh ants
  11 deep trolls (Vaults:1)
  3 sun moths
  A steelbarb worm (Lair:2)
  A glowing orange brain (Vaults:1)
  3 swamp dragons
  6 orb spiders
  4 bog bodies
  5 ironbound convokers (Vaults:1)
  3 orc knights (Orc:2)
  3 wizards
  A deep elf pyromancer (D:14)
  A wolf spider (shapeshifter) (Vaults:1)
  14 ugly things
  15 wolf spiders
  3 cyclopes
  A will-o-the-wisp (Swamp:1)
  3 moths of wrath
  A manticore (D:14)
  8 orc sorcerers
  2 black mambas (Lair:3)
  2 ice statues (IceCv)
  4 torpor snails
  3 vault sentinels (Vaults:1)
  2 gargoyles
  Maggie (D:7)
  2 unseen horrors
  6 cane toads
  A rime drake (Lair:3)
  Psyche (D:9)
  5 komodo dragons
  6 demonic crawlers
  23 yaktaurs
  An anaconda simulacrum (IceCv)
  6 ice devils (IceCv)
  5 trolls
  A queen bee (Spider:3)
  7 hornets
  5 tarantellas
  12 meliai
  5 tyrant leeches
  23 slime creatures
  21 blink frogs
  10 jumping spiders
  A shadow (D:11)
  13 culicivoras
  6 basilisks
  Sigmund (D:5)
  2 wyverns
  6 spriggans
  30 yaks
  A wraith (D:9)
  A dire elephant simulacrum (IceCv)
  Eustachio (D:5)
  19 redbacks
  Menkaure (D:5)
  A steam dragon (D:8)
  4 vampire mosquitoes
  Duvessa (D:7)
  3 acid dragons
  14 swamp worms
  10 water moccasins
  A hell hound (Volcano)
  3 black bears
  4 swamp drakes
  25 orc warriors
  2 sky beasts
  2 ice beasts
  9 ogres
  A boggart (D:9)
  14 wolves
  9 centaurs
  13 bullfrogs
  A gnoll sergeant (D:13)
  A kobold brigand (D:6)
  A scorpion (D:6)
  A wyvern zombie (D:9)
  6 two-headed ogre simulacra
  2 cane toad simulacra
  Dowan (D:7)
  A water moccasin skeleton (D:6)
  26 killer bees
  5 elephant simulacra
  2 electric eels (Spider:1)
  5 wights
  4 howler monkeys
  A bullfrog zombie (D:5)
  6 centaur zombies
  3 hounds
  6 orc priests
  Crazy Yiuf (D:6)
  3 jellies
  3 iguanas
  20 orc wizards
  7 hell rats (Lair:5)
  7 troll simulacra
  A killer bee zombie (D:6)
  3 polar bear simulacra
  2 spriggan simulacra
  A wolf simulacrum (IceCv)
  3 howler monkey zombies
  11 adders
  6 gnolls
  3 white imps (IceCv)
  3 ufetubi
  A worm (D:2)
  4 dart slugs
  36 orcs
  5 bats
  4 endoplasms
  4 giant cockroaches
  9 hobgoblins
  2 jackals (D:3)
  12 kobolds
  3 quokkas
  7 ball pythons
  A frilled lizard (D:1)
  6 goblins
  7 rats
  A lurking horror (Orc:2)
790 creatures vanquished.

Vanquished Creatures (others)
  A bloated husk (Swamp:2)
  A killer bee (Spider:2)
  A quokka (D:14)
  29 foxfires
  11 fulminant prisms
  26 fungi
  A lurking horror (Orc:2)
  20 plants
90 creatures vanquished.

Grand Total: 880 creatures vanquished

Notes
Turn   | Place    | Note
-------+----------+-------------------------------------------
     0 | D:1      | a3don the Spriggan Enchanter began the quest for the Orb.
     0 | D:1      | Reached XP level 1. HP: 9/9 MP: 5/5
   597 | D:1      | Reached XP level 2. HP: 13/13 MP: 6/6
   605 | D:1      | Learned a level 2 spell: Ensorcelled Hibernation
  1556 | D:2      | Reached XP level 3. HP: 15/16 MP: 8/8
  1776 | D:1      | Learned a level 3 spell: Confusing Touch
  2114 | D:2      | Reached skill level 5 in Stealth
  2503 | D:3      | Reached XP level 4. HP: 21/21 MP: 10/10
  2768 | D:3      | Identified the +3 ring mail of the Spider Nest {rF+}
  2986 | D:3      | Found a sacrificial altar of Ru.
  2998 | D:3      | Reached skill level 1 in Ice Magic
  3474 | D:3      | Found a faded altar of an unknown god.
  3704 | D:3      | Reached XP level 5. HP: 24/24 MP: 11/11
  3826 | D:4      | Noticed a human
  3827 | D:4      | Found a runed translucent door.
  3831 | D:4      | Found a basalt altar of Yredelemnul.
  3909 | D:4      | Noticed a shadow
  3945 | D:4      | Found a shadowy altar of Dithmenos.
  3946 | D:4      | Found a hazy altar of Hepliaklqana.
  4161 | D:4      | Found a radiant altar of Vehumet.
  4161 | D:4      | Noticed a charred statue
  4261 | D:4      | Reached skill level 1 in Evocations
  4376 | D:4      | Identified the +6 short sword "Fawocan" {vorpal, rF+}
  4388 | D:4      | Reached XP level 6. HP: 29/29 MP: 9/12
  4899 | D:5      | Entered Level 5 of the Dungeon
  4903 | D:5      | Found a snail-covered altar of Cheibriados.
  5144 | D:5      | Noticed Eustachio
  5154 | D:5      | Killed Eustachio
  5155 | D:5      | Reached skill level 1 in Fighting
  5155 | D:5      | Reached skill level 6 in Stealth
  5232 | D:5      | Noticed Menkaure
  5239 | D:5      | Killed Menkaure
  5240 | D:5      | Reached skill level 5 in Hexes
  5240 | D:5      | Reached XP level 7. HP: 33/33 MP: 14/14
  5247 | D:5      | Noticed Sigmund
  5252 | D:5      | Killed Sigmund
  5331 | D:5      | Identified the +0 kite shield "Gezxemm" {Str+4 Dex+4}
  5366 | D:5      | Reached skill level 5 in Dodging
  5922 | D:5      | Learned a level 3 spell: Inner Flame
  6007 | D:6      | Reached XP level 8. HP: 39/39 MP: 12/16
  6030 | D:6      | Found a staircase to the Ecumenical Temple.
  6096 | Temple   | Entered the Ecumenical Temple
  6173 | Temple   | Became a worshipper of the Wu Jian Council
  6204 | D:6      | Reached skill level 7 in Stealth
  6225 | D:6      | Reached skill level 5 in Spellcasting
  6466 | D:5      | Reached skill level 1 in Fire Magic
  6828 | D:6      | Found a runed translucent gate.
  6828 | D:6      | Found a runed translucent gate.
  6831 | D:6      | Found a runed translucent gate.
  6834 | D:6      | Noticed fragbeetle's ghost (novice DsGl)
  7538 | D:6      | Found a runed translucent door.
  7539 | D:6      | Noticed Crazy Yiuf
  7545 | D:6      | Killed Crazy Yiuf
  7668 | D:7      | Found a runed translucent gate.
  7673 | D:7      | Found a runed translucent gate.
  7674 | D:7      | Found a runed translucent gate.
  7678 | D:7      | Noticed aubilenon's ghost (novice GrFi)
  7743 | D:7      | Learned a level 3 spell: Swiftness
  7747 | D:7      | Learned a level 3 spell: Conjure Flame
  7788 | D:7      | Reached * piety under Wu Jian
  7898 | D:7      | Reached XP level 9. HP: 12/43 MP: 5/18
  8279 | D:7      | Identified the +5 short sword "Sietatix" {flame, rC+}
  8352 | D:7      | Noticed Dowan
  8361 | D:7      | Killed Dowan
  8363 | D:7      | Noticed Duvessa
  8710 | D:7      | Learned a level 3 spell: Tukima's Dance
  8752 | D:7      | Killed Duvessa
  8753 | D:7      | Reached skill level 8 in Stealth
  8850 | D:7      | Reached skill level 1 in Air Magic
  8877 | D:7      | Noticed Maggie
  8908 | D:7      | Killed Maggie
  8909 | D:7      | Reached skill level 5 in Short Blades
  8909 | D:7      | Reached skill level 5 in Evocations
  9201 | D:7      | Found an opulent altar of Gozag.
  9272 | D:7      | Found a glowing silver altar of Zin.
  9347 | D:7      | Found the +2 cloak of the Thief {*Fog Slay-2 SInv Stlth+}
 10060 | D:8      | Noticed Harold
 10070 | D:8      | Noticed an unseen horror
 10079 | D:8      | Killed an unseen horror
 10080 | D:8      | Reached skill level 1 in Conjurations
 10273 | D:8      | Killed Harold
 10274 | D:8      | Reached XP level 10. HP: 40/49 MP: 13/20
 10386 | D:8      | Found a shimmering blue altar of Sif Muna.
 10386 | D:8      | Found a broken altar of Ashenzari.
 10446 | D:8      | Reached skill level 9 in Stealth
 10525 | D:8      | Found a blossoming altar of Fedhas.
 10561 | D:8      | Reached ** piety under Wu Jian
 10795 | D:8      | Learned a level 3 spell: Dazzling Flash
 10797 | D:8      | Learned a level 1 spell: Foxfire
 10842 | D:9      | Noticed Erica
 10867 | D:9      | Killed Erica
 11004 | D:9      | Noticed a two-headed ogre
 11004 | D:9      | Noticed a centaur warrior
 11023 | D:9      | Killed a two-headed ogre
 11320 | D:9      | Noticed Psyche
 11334 | D:9      | Killed Psyche
 11580 | D:9      | Noticed a two-headed ogre
 11585 | D:9      | Killed a two-headed ogre
 11603 | D:9      | Noticed a centaur warrior
 11750 | D:9      | Killed a centaur warrior
 11751 | D:9      | Reached XP level 11. HP: 53/53 MP: 19/22
 12051 | D:9      | Noticed a two-headed ogre
 12055 | D:9      | Killed a two-headed ogre
 12056 | D:9      | Reached skill level 10 in Stealth
 12073 | D:9      | Found Moreph's General Store.
 12077 | D:9      | Bought a scroll of immolation for 56 gold pieces
 12077 | D:9      | Bought a scroll of identify for 32 gold pieces
 12195 | D:9      | Killed a centaur warrior
 12695 | D:10     | Entered Level 10 of the Dungeon
 12777 | D:10     | Reached *** piety under Wu Jian
 12874 | D:10     | Found a stormy altar of Qazlal.
 12995 | D:10     | Noticed a two-headed ogre
 13001 | D:10     | Killed a two-headed ogre
 13034 | D:10     | Noticed a centaur warrior
 13038 | D:10     | Killed a centaur warrior
 13060 | D:10     | Learned a level 2 spell: Poisonous Vapours
 13655 | D:11     | Noticed Fannar
 13680 | D:11     | Killed Fannar
 13681 | D:11     | Reached skill level 5 in Ice Magic
 13847 | D:11     | Found a blossoming altar of Fedhas.
 13986 | D:11     | Noticed a boulder beetle
 13994 | D:11     | Killed a boulder beetle
 14360 | D:11     | Noticed a two-headed ogre
 14368 | D:11     | Killed a two-headed ogre
 14369 | D:11     | Reached skill level 5 in Fighting
 14432 | D:11     | Reached XP level 12. HP: 60/60 MP: 22/25
 14517 | D:11     | Noticed Urug
 14522 | D:11     | Killed Urug
 14523 | D:11     | Reached skill level 11 in Stealth
 14858 | D:11     | Found a staircase to the Lair.
 14859 | D:11     | Noticed a two-headed ogre
 14862 | D:11     | Killed a two-headed ogre
 14922 | Lair:1   | Entered Level 1 of the Lair of Beasts
 15084 | Lair:1   | Found a burning altar of Makhleb.
 15244 | Lair:1   | Noticed Nergalle
 15248 | Lair:1   | Killed Nergalle
 15317 | Lair:1   | Found a dark tunnel.
 15393 | Volcano  | Entered a volcano
 16131 | Lair:2   | Found a hole to the Spider Nest.
 16262 | Lair:2   | Noticed a six-headed hydra
 16283 | Lair:2   | Killed a six-headed hydra
 16457 | Lair:2   | Reached **** piety under Wu Jian
 16878 | Lair:2   | Learned a level 2 spell: Passwall
 17040 | Lair:3   | Noticed a seven-headed hydra
 17047 | Lair:3   | Killed a seven-headed hydra
 17048 | Lair:3   | Reached skill level 5 in Fire Magic
 17237 | Lair:3   | Reached skill level 12 in Stealth
 18038 | Lair:4   | Reached XP level 13. HP: 59/65 MP: 24/27
 18050 | Lair:3   | Reached skill level 10 in Dodging
 18217 | Lair:4   | Reached ***** piety under Wu Jian
 18631 | Lair:4   | Reached skill level 1 in Translocations
 18895 | Lair:4   | Found a staircase to the Swamp.
 19619 | Lair:5   | Found a large runed translucent door.
 20083 | Lair:5   | Found a large runed translucent door.
 20086 | Lair:5   | Noticed Luam's ghost (journeyman OpFi)
 20146 | Lair:5   | Identified 2 scrolls of acquirement
 20148 | Lair:5   | Acquired a +4 hunting sling of freezing
 20149 | Lair:5   | Acquired the ring of Juh Ydon {rPois rF+ rC+ Str+5 Int-4}
 20775 | D:12     | Reached skill level 10 in Hexes
 20841 | D:12     | Reached skill level 1 in Slings
 20934 | D:12     | Found a staircase to the Orcish Mines.
 21016 | D:12     | Found a portal to a secret trove of treasure.
 21809 | D:13     | Found a gate to the Vaults.
 21840 | D:13     | Noticed Rupert
 21845 | D:13     | Killed Rupert
 21967 | D:13     | Noticed Nessos
 21973 | D:13     | Killed Nessos
 21974 | D:13     | Reached skill level 10 in Spellcasting
 21978 | D:13     | Learned a level 3 spell: Teleport Other
 22089 | D:13     | Reached skill level 13 in Stealth
 22651 | D:14     | Reached XP level 14. HP: 70/70 MP: 29/29
 22786 | D:14     | Reached skill level 5 in Conjurations
 22921 | D:14     | Found a white marble altar of Elyvilon.
 23471 | Swamp:1  | Entered Level 1 of the Swamp
 24375 | Swamp:1  | Reached skill level 5 in Translocations
 24846 | Swamp:1  | Reached skill level 5 in Slings
 25884 | Swamp:2  | Reached ****** piety under Wu Jian
 26420 | Swamp:2  | Found a transporter.
 26422 | Swamp:2  | Noticed a cacodemon
 26440 | Swamp:2  | Noticed a purple very ugly thing
 26449 | Swamp:2  | Found a transporter.
 26452 | Swamp:2  | Noticed a cacodemon
 26803 | Swamp:2  | Found a one-way gate to the infinite horrors of the Abyss.
 26803 | Swamp:2  | Noticed swinepaste's ghost (journeyman DsMo)
 26863 | Swamp:2  | Noticed a daeva
 27661 | Swamp:4  | Entered Level 4 of the Swamp
 27717 | Swamp:4  | Found a transporter.
 27718 | Swamp:4  | Noticed pleonasm's ghost (adept OgBe)
 27730 | Swamp:4  | Found a transporter.
 27905 | Swamp:4  | HP: 3/72 [eleionoma/spray of wooden splinters (23)]
 27919 | Swamp:4  | HP: 3/72 [alligator (12)]
 27932 | Swamp:4  | Got a decaying rune of Zot
 28216 | Swamp:4  | Noticed the 27-headed Lernaean hydra
 28495 | Swamp:4  | Reached skill level 14 in Stealth
 28545 | Swamp:4  | Reached XP level 15. HP: 60/75 MP: 18/30
 28725 | Swamp:3  | Learned a level 4 spell: Iskenderun's Mystic Blast
 29071 | D:9      | Bought a scroll of enchant weapon for 120 gold pieces
 29071 | D:9      | Bought a scroll of blinking for 120 gold pieces
 29180 | Spider:1 | Entered Level 1 of the Spider Nest
 29180 | Spider:1 | Noticed an emperor scorpion
 29182 | Spider:1 | Killed an emperor scorpion
 29373 | Spider:1 | Reached skill level 1 in Shields
 29774 | Spider:1 | Reached skill level 1 in Poison Magic
 31087 | Spider:1 | Reached skill level 10 in Short Blades
 33517 | Spider:2 | Learned a level 4 spell: Fulminant Prism
 36509 | Spider:4 | Entered Level 4 of the Spider Nest
 37298 | Spider:4 | Noticed an emperor scorpion
 37311 | Spider:4 | Killed an emperor scorpion
 37319 | Spider:4 | Reached XP level 16. HP: 73/79 MP: 18/32
 37542 | Spider:4 | Found a runed translucent door.
 37542 | Spider:4 | Noticed Detar's ghost (adept HOFi)
 37604 | Spider:4 | Noticed Mlioglotl
 37853 | Vaults:1 | Entered Level 1 of the Vaults
 39743 | Vaults:1 | Learned a level 4 spell: Passage of Golubria
 39939 | Vaults:1 | Found a runed translucent door.
 39941 | Vaults:1 | Noticed theMacoje's ghost (adept OgAM)
 40107 | Vaults:1 | Reached skill level 15 in Stealth
 42754 | Vaults:1 | Reached XP level 17. HP: 87/87 MP: 23/33
 43127 | Orc:1    | Entered Level 1 of the Orcish Mines
 43427 | Orc:2    | Entered Level 2 of the Orcish Mines
 43433 | Orc:2    | Found Kureg's General Store.
 44104 | Orc:2    | Bought a potion of curing for 42 gold pieces
 44104 | Orc:2    | Bought a scroll of blinking for 105 gold pieces
 44104 | Orc:2    | Bought a scroll of identify for 28 gold pieces
 44139 | Orc:2    | Found Ofriar's Jewellery Emporium.
 44154 | Orc:2    | Found a frozen archway.
 44227 | IceCv    | Entered an ice cave
 45329 | Orc:2    | Found a runed translucent door.
 45337 | Orc:2    | Noticed sirJeffrey23's ghost (journeyman HOMo)
 45508 | Orc:2    | Found a staircase to the Elven Halls.
 45644 | Orc:2    | Found Docw's Antique Weapon Shop.
 45695 | Orc:2    | Found Kabuy's Antique Armour Shoppe.
 45703 | Orc:2    | Bought a runed buckler for 217 gold pieces
 45888 | Orc:2    | Found a corrupted altar of Lugonu.
 46350 | Orc:1    | Mangled by an orc knight

Illustrated notes

Levels and vault maps discovered:
D:1:      saegor_arrival_under_anarchy, layout_basic
D:2:      cheibrodos_helix_gallery, layout_loops_ring, grunt_ministairs_7
D:3:      layout_basic, lemuel_doored_altar, basic_ecumenical_altar
D:4:      layout_basic, riverfiend_overflow_shadow_ancestor, vehumet_statue,
          dk_yredelemnul_ordeal
D:5:      layout_basic, kennysheep_slug_shrine, uniq_menkaure, uniq_sigmund,
          uniq_eustachio
D:6:      layout_loops_ring, minmay_temple_entry_trees, gammafunk_ghost_split,
          grunt_ministairs_7, glass_columns_a, minmay_unpleasant_kobolds,
          uniq_crazy_yiuf_cottage
D:7:      layout_loops_corners, pdpol_temple_overflow_zin_treasury_gozag_greed,
          biasface_ghost_orc_armoury, kennysheep_generic_room_6, uniq_maggie,
          uniq_duvessa
D:8:      layout_cave_pools, mainiacjoe_overflow_chevrons,
          gammafunk_temple_overflow_pools, uniq_harold
D:9:      cheibrodos_fzero, layout_basic, serial_shops, nicolae_shop_stone,
          uniq_erica, uniq_psyche
D:10:     layout_long_grid, mainiacjoe_overflow_boulevard, grunt_ministairs_13
D:11:     layout_stronghold, lair_entry_dummy, fedhas_altar_3, uniq_fannar,
          uniq_urug
D:12:     layout_loops_ring, orc_0_dummy, enter_trove_3
D:13:     layout_stronghold, david_vaults_1, uniq_rupert, uniq_nessos
D:14:     minmay_the_grid_triangle_9x9_recursive_2_mashed
          [minmay_the_grid_triangle_9x9_prize_top_heavy,
          minmay_the_grid_triangle_9x9_corrupted_corridor,
          minmay_the_grid_triangle_9x9_odd_lines,
          minmay_the_grid_triangle_9x9_longest], layout_small_grid,
          elyvilon_altar_4
Temple:   cyrus_temple_forest
Lair:1:   layout_hall_layers, enter_volcano_4, minivault_19,
          eino_small_chamber_without_monster, lemuel_oklob_altar, uniq_nergalle
Lair:2:   layout_gridlike, spider_nest_entry_web_field
Lair:3:   layout_regular_city, grunt_megastairs_5
Lair:4:   layout_cave_pods, skrybe_swamp_entry_bodies
Lair:5:   minmay_lair_oklob_tunnel, layout_regular_city,
          ebering_ghost_disaster_area
Swamp:1:  layout_falls_marsh, evilmike_swamp_ruin_house_5,
          infiniplex_staircase_pool_2
Swamp:2:  layout_basic_swamp, gammafunk_ghost_abyssal_escape,
          evilmike_swamp_ruin_house_6, swamp_pool3
Swamp:3:  layout_basic_swamp, evilmike_swamp_ruin_house_1, swamp_pool1
Swamp:4:  swamp_old_school, layout_basic_swamp,
          gammafunk_ghost_berserking_beasts
Spider:1: layout_spider_delve
Spider:2: layout_spider_delve, drop_trap
Spider:3: layout_spider_delve, special_room [special_room_bee]
Spider:4: grunt_spider_rune_island, ebering_ghost_inner_flame,
          einodemon_crawler_minivault, uniq_mlioglotl
Orc:1:    layout_diamond_mine, serial_shops, hangedman_minor_magic
Orc:2:    grunt_orc_gardens, layout_caves, grunt_orc_garden, grunt_orc_garden,
          grunt_orc_garden, grunt_orc_garden, gammafunk_ghost_grave,
          portal_ice_cave_entry_ice_simulacra, amcnicky_altar_lugonu_corruption
Vaults:1: ebering_ghost_reflecting_pool, grunt_vaults_trifunnel,
          ontoclasm_vaults_hangar, ontoclasm_vaults_spin,
          nicolae_vaults_three_branches, grunt_vaults_swirl,
          ontoclasm_vaults_pinch, v_misc_24, hangedman_vaults_stagger,
          nicolae_vaults_network_s, vaults_dpeg_encased_lava,
          layout_vaults_omnicross

Skill      XL: |  1  2  3  4  5  6  7  8  9 10 11 12 13 14 15 16 17 |
---------------+----------------------------------------------------+-----
Dodging        | 3 4 5 6 7 8 9 10 11 12 13 | 13.1
Spellcasting   | 3 4 5 6 7 8 9 10 11 12 | 12.1
Hexes          | 4 5 6 7 8 9 10 11 12 13 | 13.2
Stealth        | 5 6 7 8 9 10 12 13 14 15 | 15.5
Short Blades   | 2 3 4 5 6 7 8 9 10 | 10.6
Ice Magic      | 1 2 3 4 5 6 7 8 |  8.4
Evocations     | 1 2 3 4 5 6 7 |  7.4
Fighting       | 1 2 3 4 5 6 7 8 9 |  9.3
Fire Magic     | 1 2 3 4 5 6 7 |  7.7
Air Magic      | 2 3 4 |  4.0
Conjurations   | 1 2 3 4 5 6 |  6.6
Translocations | 4 6 8 9 |  9.6
Slings         | 3 5 6 7 |  7.5
Shields        | 2 4 |  4.8
Poison Magic   | 2 4 |  4.0

Action                   |  1- 3 |  4- 6 |  7- 9 | 10-12 | 13-15 | 16-18 || total
-------------------------+-------+-------+-------+-------+-------+-------++-------
Melee: Dagger            |    83 |    46 |       |    45 |     2 |       ||   176
       Punch             |     1 |     1 |     2 |    12 |    13 |       ||    29
       Short sword       |       |    21 |   156 |   155 |       |   203 ||   535
       Rapier            |       |       |       |    30 |       |       ||    30
       Quick blade       |       |       |       |   226 |  1070 |   604 ||  1900
 Fire: Hunting sling     |       |       |       |       |    66 |    31 ||    97
Throw: Stone             |       |       |     4 |     8 |     6 |       ||    18
       Throwing net      |       |       |     2 |       |       |       ||     2
 Cast: Ensorcelled Hiber |    32 |    30 |    67 |    97 |   241 |   166 ||   633
       Confusing Touch   |       |     1 |    16 |    20 |    51 |    27 ||   115
       Tukima's Dance    |       |       |     1 |     2 |       |     1 ||     4
       Conjure Flame     |       |       |     1 |       |     1 |       ||     2
       Dazzling Flash    |       |       |       |       |     2 |    11 ||    13
       Poisonous Vapours |       |       |       |       |    19 |       ||    19
       Foxfire           |       |       |       |       |    10 |       ||    10
       Fulminant Prism   |       |       |       |       |    10 |     1 ||    11
       Iskenderun's Myst |       |       |       |       |       |     1 ||     1
Invok: Lunge             |       |       |     9 |    48 |    96 |    70 ||   223
       Whirlwind         |       |       |    11 |    22 |    69 |    85 ||   187
       Heavenly Storm    |       |       |       |       |       |     2 ||     2
 Abil: Wall Jump         |       |       |       |       |     1 |     1 ||     2
Evoke: Wand              |       |       |       |       |    11 |       ||    11
       Phantom mirror    |       |       |       |       |     1 |       ||     1
  Use: Potion            |       |       |     1 |     1 |     9 |     3 ||    14
       Scroll            |       |       |       |    14 |    25 |     5 ||    44
 Stab: Sleeping          |    32 |    31 |    43 |    80 |   181 |    97 ||   464
       Confused          |       |       |     9 |    19 |    43 |    30 ||   101
       Distracted        |       |       |     1 |     2 |     4 |     6 ||    13
       Held in net/web   |       |       |     3 |       |       |       ||     3
       Invisible         |       |       |       |       |     3 |    10 ||    13
Armor: Robe              |    12 |     6 |    14 |       |       |       ||    32
       Steam dragon scal |       |       |     5 |    44 |   155 |    68 ||   272
Dodge: Dodged            |    63 |    43 |   180 |   247 |   777 |   395 ||  1705
Block: Buckler           |       |       |       |       |   134 |   172 ||   306
